 Dungeon Crawl Stone Soup version 0.30-a0-122-g2a1322497e (webtiles) character file.

Game seed: 1778726192806264726

15 Dreamer the Sneak (level 2, 0/28 HPs)
             Began as a Naga Delver on Sept 15, 2022.
             Was an Initiate of Dithmenos.
             Succumbed to an adder's poison
             ... on level 5 of the Dungeon.
             The game lasted 00:01:17 (221 turns).

Dreamer the Sneak (Naga Delver)                      Turns: 221, Time: 00:01:18

Health: 0/28       AC:  2    Str: 14    XL:     2   Next: 50%
Magic:  2/2        EV:  9    Int: 10    God:    Dithmenos [......]
Gold:   21         SH:  0    Dex: 12    Spells: 1/1 levels left

rFire   . . .      SeeInvis +    a - +0 short sword
rCold   . . .      Faith    .    (no shield)
rNeg    . . .      Spirit   .    b - +0 leather armour
rPois   +          Reflect  .    (no helmet)
rElec   .          Harm     .    (no cloak)
rCorr   .          Rampage  .    (no gloves)
Will    .....                    (no barding)
Stlth   +++.......               (no amulet)
HPRegen 0.09/turn                (no ring)
MPRegen 0.08/turn                (no ring)

@: lethally poisoned (0 -> -1), very slow
A: AC +0, large, see invisible, deformed body, poison resistance, slowness 2,
spit poison 1, naga tail 1
a: Spit Poison, Renounce Religion


You were on level 5 of the Dungeon.
You worshipped Dithmenos.
Dithmenos was noncommittal.
You visited 2 branches of the dungeon, and saw 2 of its levels.

You collected 21 gold pieces.

Inventory:

Hand Weapons
 a - a +0 short sword (weapon)
Armour
 b - a +0 leather armour (worn)
Wands
 g - a wand of digging (3)
Scrolls
 c - a scroll of fog
 d - a scroll of magic mapping
 e - a scroll of fear
 h - a scroll of vulnerability {unknown}
 i - a scroll of amnesia {unknown}
Potions
 f - a potion of haste


   Skills:
 + Level 3.1 Fighting
 * Level 2.3 Short Blades
 + Level 1.7 Dodging
 * Level 7.6 Stealth


You had one spell level left.
You didn't know any spells.
Your spell library was empty.

Dungeon Overview and Level Annotations

Branches:
Dungeon (5/15)             Temple (1/1) D:5

Altars:
Ashenzari
Dithmenos
Hepliaklqana
Kikubaaqudgha

Annotations:
D:5 exclusion: scorpion


Innate Abilities, Weirdness & Mutations

Your serpentine skin is tough. (AC +0)
You have supernaturally acute eyesight. (SInv)
Armour fits poorly on your strangely shaped body.
Your system is resistant to poisons. (rPois)
You cover ground very slowly.
You can spit poison.
You have a snake-like lower body.


Message History

You hear the sound of rushing water.
There is an entrance to a sewer on this level.
Hurry and find it before the portal rusts away!
Level annotation: exclusion: scorpion You hear the rusting of a very distant drain.
The adder hisses angrily.
There is a staircase to the Ecumenical Temple here.
The splash of poison misses the adder.
The adder bites you.
You barely miss the adder. The adder barely misses you.
You miss the adder. The adder bites you.
A phantom comes into view.
You hit the adder but do no damage. The adder bites you.
You barely miss the adder. The adder bites you.
You miss the adder. The adder barely misses you.
The adder bites you but does no damage.
You hit the adder.
The adder is moderately wounded.
You have got your breath back.
The adder bites you.
You are poisoned.
The adder poisons you!
You hit the adder but do no damage.
The adder is moderately wounded.
You feel sick. The adder bites you.
You closely miss the adder.
The adder is moderately wounded.
You feel sick. The adder bites you.
You barely miss the adder.
The adder is moderately wounded.
You feel sick. The adder bites you. The phantom hits you.
* * * LOW HITPOINT WARNING * * *
You hit the adder.
The adder is heavily wounded.
You feel sick. The adder bites you.
* * * LOW HITPOINT WARNING * * *
The phantom hits you.
* * * LOW HITPOINT WARNING * * *
The phantom blinks!
You blink.
Unknown command.
You closely miss the phantom.
You die...

..# #####
.######.# ...
........# ..#
######..# ..#
#..# ..#
#..#########..#
#.............#
##.#.#..#..#.##
#.#....#..@W#
#.#...###...##
#.)..........#
#...#.....#...#
#.###..§..###.#
#.. #.S§..# .#
#............ #
#....###...##
##... ....#


You could see a phantom and an adder.

Vanquished Creatures
  An adder (D:5)
  An ufetubus (D:5)
2 creatures vanquished.

Vanquished Creatures (others)
  A fungus (D:5)
  A plant (D:5)
2 creatures vanquished.

Grand Total: 4 creatures vanquished

Notes
Turn   | Place    | Note
-------+----------+-------------------------------------------
     0 | D:5      | Dreamer the Naga Delver began the quest for the Orb.
     0 | D:5      | Reached XP level 1. HP: 21/21 MP: 1/1
    23 | D:5      | Found a hazy altar of Hepliaklqana.
    68 | D:5      | Reached XP level 2. HP: 20/28 MP: 2/2
    75 | D:5      | Found a broken altar of Ashenzari.
   162 | D:5      | Noticed a scorpion
   171 | D:5      | Found a staircase to the Ecumenical Temple.
   186 | Temple   | Entered the Ecumenical Temple
   197 | Temple   | Became a worshipper of Dithmenos the Shadowed
   212 | D:5      | Noticed a phantom
   220 | D:5      | HP: 1/28 [phantom (2)]
   221 | D:5      | Succumbed to an adder's poison

Illustrated notes

Levels and vault maps discovered:
D:5:      layout_loops_ring, nzn_hepliaklqana_mist_gate, kennysheep_little_box,
          grunt_temple_overflow_forces_of_nature, lemuel_crystal_altar,
          nicolae_ashenzari_panopticon, minmay_temple_entry_tees,
          portal_sewer_entry_b
Temple:   hellmonk_temple_forest_ring

Action                   || total
-------------------------++-------
Melee: Short sword       ||    21
 Abil: Spit Poison       ||     3
Armor: Leather armour    ||     2
Dodge: Dodged            ||    10

Table legend: (Time is in decaauts)
 A = Elapsed time spent in this place.
 B = Non-inter-level travel time spent in this place.
 C = Inter-level travel time spent in this place.
 D = Time resting spent in this place.
 E = Time spent auto-exploring this place.
 F = Levels seen in this place.
 G = Mean time per level.
                   A        B        C        D        E       F      G
               +--------+--------+--------+--------+--------+-----+--------+
         Total |    266 |    266 |      0 |      0 |    123 |   2 |  133.0 |
       Dungeon |    236 |    236 |      0 |      0 |    123 |   1 |  236.0 |
        Temple |     30 |     30 |      0 |      0 |      0 |   1 |   30.0 |
               +--------+--------+--------+--------+--------+-----+--------+

Top non-repeatable levels by time:
     D:5: 236 daAuts
  Temple: 30 daAuts
